[Event "ESP-chT Div I 2018"]
[Site "Linares"]
[Date "2018.08.11"]
[Round "6"]
[White "Badillo Ramos, Steve"]
[Black "Ortega Ruiz, Jose Miguel"]
[Result "0-1"]
[ECO "C55"]
[WhiteElo "1901"]
[BlackElo "2280"]
[Annotator "NA"]
[PlyCount "56"]
[EventDate "2018.08.06"]
[EventType "team-tourn"]
[EventCountry "ESP"]
[SourceTitle "playchess.com"]
[Source "ChessBase"]
[SourceQuality "1"]
[TimeControl "40/5400+30:1800+30"]

1. e4 e5 2. Nf3 Nc6 3. Bc4 Nf6 4. d4 exd4 5. e5 d5 6. Bb5 Nd7 7. O-O Be7 8. Bxc6 bxc6 9. Nxd4 Nb8 10. e6 O-O 11. exf7+ Rxf7 12. Nc3 c5 13. Nb3 c6 14. Ne2 Bd6 15. c3 Ba6 16. Be3 Nd7 17. Qd2 Qh4 18. g3 Qg4 19. f3 Rxf3 20. Rxf3 Qxf3 21. Nf4 Rf8 22. Re1 Qg4 23. Qg2 Qf5 24. h4 Qg4 25. Kh2 Bxf4 26. Bxf4 Rxf4 27. gxf4 Qxh4+ 28. Qh3 Qf2+ 0-1

[Event "ESP-chT Div I 2018"]
[Site "Linares"]
[Date "2018.08.11"]
[Round "6"]
[White "Bermudez Revuelta, Paula"]
[Black "Cao Armillas, Jesus"]
[Result "1-0"]
[ECO "B92"]
[WhiteElo "1887"]
[BlackElo "2043"]
[Annotator "NA"]
[PlyCount "103"]
[EventDate "2018.08.06"]
[EventType "team-tourn"]
[EventCountry "ESP"]
[SourceTitle "playchess.com"]
[Source "ChessBase"]
[SourceQuality "1"]
[TimeControl "40/5400+30:1800+30"]

1. e4 c5 2. Nf3 d6 3. d4 cxd4 4. Nxd4 Nf6 5. Nc3 a6 6. Be2 e5 7. Nb3 Be7 8. Bg5 Be6 9. Bxf6 Bxf6 10. Qd3 Nc6 11. O-O-O Nd4 12. Nxd4 exd4 13. Nd5 Bxd5 14. exd5 O-O 15. Qf3 Rc8 16. Bd3 Re8 17. Kb1 Be5 18. h4 Qf6 19. Qe4 g6 20. h5 Qf4 21. hxg6 hxg6 22. Qxf4 Bxf4 23. Rh4 Be5 24. Rdh1 Bf6 25. R4h3 Rc5 26. f4 Rxd5 27. g4 Re3 28. b4 b5 29. a4 Re8 30. a5 Bg7 31. Kc1 Re3 32. Kd2 g5 33. Rh5 f6 34. c4 Rxd3+ 35. Kxd3 bxc4+ 36. Kxc4 Rb5 37. Rd1 d5+ 38. Kb3 Bf8 39. Rxd4 Bc5 40. Rxd5 Rxb4+ 41. Kc3 Bf8 42. Rd4 Rb5 43. fxg5 fxg5 44. Ra4 Kg7 45. Rh1 Be7 46. Rd1 Rc5+ 47. Kd4 Rb5 48. Rc1 Bd8 49. Rc5 Rb1 50. Rc6 Rg1 51. Kd3 Rg3+ 52. Ke2 1-0

[Event "ESP-chT Div I 2018"]
[Site "Linares"]
[Date "2018.08.12"]
[Round "7"]
[White "Quesada Perez, Yasser"]
[Black "Alonso Alvarez, Aitor"]
[Result "1-0"]
[ECO "B23"]
[WhiteElo "2534"]
[BlackElo "2306"]
[Annotator "ChessBase"]
[PlyCount "53"]
[EventDate "2018.08.06"]
[EventType "team-tourn"]
[EventCountry "ESP"]
[SourceTitle "playchess.com"]
[Source "ChessBase"]
[SourceQuality "1"]
[TimeControl "40/5400+30:1800+30"]

1. e4 c5 2. Nc3 a6 3. g3 Nc6 4. Bg2 g6 5. d3 Bg7 6. f4 e6 7. Be3 d6 8. Nf3 Nd4 9. O-O Ne7 10. Qd2 O-O 11. Nd1 b6 12. Nh4 Rb8 13. c3 Ndc6 14. f5 exf5 15. exf5 gxf5 16. Bh6 Bxh6 17. Qxh6 Ne5 18. Ne3 Ng4 19. Nxg4 fxg4 20. Rf6 Ng6 21. Nxg6 hxg6 22. Rxg6+ fxg6 23. Qxg6+ Kh8 24. Qh6+ Kg8 25. Bd5+ Rf7 26. Bxf7+ Kxf7 27. Rf1+ 1-0

[Event "ESP-chT Div I 2018"]
[Site "Linares"]
[Date "2018.08.12"]
[Round "7"]
[White "Gascon Del Nogal, Jose Rafael"]
[Black "Pap, Misa"]
[Result "1/2-1/2"]
[ECO "C50"]
[WhiteElo "2476"]
[BlackElo "2478"]
[Annotator "ChessBase"]
[PlyCount "38"]
[EventDate "2018.08.06"]
[EventType "team-tourn"]
[EventCountry "ESP"]
[SourceTitle "playchess.com"]
[Source "ChessBase"]
[SourceQuality "1"]
[TimeControl "40/5400+30:1800+30"]

1. e4 e5 2. Nf3 Nc6 3. Bc4 Nf6 4. d3 Bc5 5. O-O O-O 6. h3 a6 7. Re1 d6 8. c3 Ba7 9. a4 b5 10. Bb3 b4 11. a5 Rb8 12. Bc4 bxc3 13. bxc3 Nxa5 14. Rxa5 Rxb1 15. Qc2 Rb8 16. d4 Bb6 17. Ra3 Qe7 18. Bxa6 Bxa6 19. Rxa6 Ra8 1/2-1/2

[Event "ESP-chT Div I 2018"]
[Site "Linares"]
[Date "2018.08.12"]
[Round "7"]
[White "Almagro Llamas, Pablo"]
[Black "Rivas Garcia, Victor"]
[Result "1-0"]
[ECO "A85"]
[WhiteElo "2442"]
[BlackElo "2217"]
[Annotator "NA"]
[PlyCount "161"]
[EventDate "2018.08.06"]
[EventType "team-tourn"]
[EventCountry "ESP"]
[SourceTitle "playchess.com"]
[Source "ChessBase"]
[SourceQuality "1"]
[TimeControl "40/5400+30:1800+30"]

1. d4 f5 2. c4 Nf6 3. Nc3 d6 4. Bg5 Nbd7 5. Qc2 g6 6. O-O-O Bg7 7. Nh3 c6 8. Nf4 Nf8 9. e4 Ne6 10. Nxe6 Bxe6 11. exf5 Bxf5 12. Bd3 Qa5 13. h4 O-O-O 14. f3 Rde8 15. Rhe1 Rhf8 16. g4 Bd7 17. Kb1 Rf7 18. Bd2 Qc7 19. Be3 Kb8 20. Qg2 Qa5 21. Rh1 Ref8 22. Ne2 Ka8 23. Ng3 Ne8 24. Rhf1 e5 25. dxe5 Qxe5 26. Bc1 Nc7 27. h5 gxh5 28. Nxh5 Bh8 29. f4 Qa5 30. f5 d5 31. Nf4 dxc4 32. Bxc4 Re7 33. Ne6 Rfe8 34. Bd2 Qb6 35. Bg5 Bxe6 36. fxe6 Rg7 37. Rd8+ Rxd8 38. Bxd8 Qc5 39. Bxc7 Rxc7 40. Qf2 Qxf2 41. Rxf2 Bg7 42. g5 b5 43. Bd3 h6 44. g6 Kb7 45. Bf5 Re7 46. Kc2 Kc7 47. Rd2 a5 48. Kd3 Kb6 49. Ke4 Kc7 50. b3 Kb6 51. Bg4 Kc7 52. Kf5 c5 53. Be2 b4 54. Rd5 Kc6 55. Rd8 Kc7 56. Ra8 Kb6 57. Ra6+ Kb7 58. Rxa5 Kb6 59. Rb5+ Kc6 60. Rb8 Ra7 61. Rd8 Re7 62. Bc4 Kc7 63. Rg8 Bd4 64. Ra8 Kb7 65. Bd5+ Kc7 66. Bf3 Bg7 67. Bg4 Kb7 68. Rg8 Bd4 69. Ke4 Kc6 70. Rc8+ Kb7 71. Rd8 Kc7 72. Rf8 Bg7 73. Rg8 Kd6 74. Ra8 Bd4 75. Ra6+ Kc7 76. Kd5 Kb7 77. Rd6 Kc7 78. Rd7+ Rxd7+ 79. exd7 h5 80. Bh3 Kd8 81. Ke6 1-0

[Event "ESP-chT Div I 2018"]
[Site "Linares"]
[Date "2018.08.12"]
[Round "7"]
[White "Gonzalez De La Torre, Santiago"]
[Black "Gonzalez Merino, Alberto"]
[Result "1-0"]
[ECO "C10"]
[WhiteElo "2434"]
[BlackElo "2199"]
[Annotator "NA"]
[PlyCount "101"]
[EventDate "2018.08.06"]
[EventType "team-tourn"]
[EventCountry "ESP"]
[SourceTitle "playchess.com"]
[Source "ChessBase"]
[SourceQuality "1"]
[TimeControl "40/5400+30:1800+30"]

1. e4 e6 2. d4 d5 3. Nc3 dxe4 4. Nxe4 Bd7 5. Nf3 Bc6 6. Neg5 Be7 7. Ne5 Bxg5 8. Qh5 g6 9. Qxg5 Qxg5 10. Bxg5 Be4 11. f3 Bc6 12. O-O-O Nd7 13. Bf4 Ne7 14. Nxc6 Nxc6 15. Bxc7 O-O 16. Kb1 Rac8 17. Bg3 Nb6 18. c4 Rfd8 19. Bf2 Rc7 20. Be2 Rcd7 21. Bh4 Ne7 22. Bf6 Kf8 23. Rd2 Rc8 24. Rc1 Ng8 25. Bg5 f6 26. Be3 Ne7 27. g4 Rcd8 28. Rcd1 Kg7 29. b3 g5 30. Kb2 Ng6 31. Bf1 Nf4 32. h4 h6 33. a4 Nc8 34. a5 Kf8 35. Kc3 Rc7 36. Kb2 Rcd7 37. b4 Ke8 38. b5 Rc7 39. Kb3 b6 40. hxg5 hxg5 41. Rh2 Rf7 42. axb6 Nxb6 43. Ra1 Rdd7 44. Bxf4 gxf4 45. c5 Nd5 46. b6 Rb7 47. Rh8+ Rf8 48. Bb5+ Ke7 49. Rh7+ Rf7 50. Rxf7+ Kxf7 51. Rxa7 1-0

[Event "ESP-chT Div I 2018"]
[Site "Linares"]
[Date "2018.08.12"]
[Round "7"]
[White "Plazuelo Pascual, Juan"]
[Black "Alonso Moyano, Jonathan"]
[Result "1-0"]
[ECO "A80"]
[WhiteElo "2429"]
[BlackElo "2388"]
[Annotator "NA"]
[PlyCount "141"]
[EventDate "2018.08.06"]
[EventType "team-tourn"]
[EventCountry "ESP"]
[SourceTitle "playchess.com"]
[Source "ChessBase"]
[SourceQuality "1"]
[TimeControl "40/5400+30:1800+30"]

1. d4 f5 2. Nc3 Nf6 3. Bg5 d5 4. e3 e6 5. g4 Be7 6. gxf5 exf5 7. Qf3 c6 8. Bxf6 Bxf6 9. h4 g6 10. Qg3 Be6 11. O-O-O Nd7 12. Nge2 Qe7 13. Nf4 O-O-O 14. Bd3 Bf7 15. Rdg1 Rhg8 16. Nb1 Bh8 17. Nd2 Nf6 18. Qh2 Ne4 19. c3 h6 20. Ne2 Bf6 21. Qf4 Be6 22. Qh2 g5 23. hxg5 hxg5 24. Qg2 Rh8 25. Nf3 g4 26. Ne5 Rxh1 27. Rxh1 Bxe5 28. dxe5 Qg7 29. Qh2 Bd7 30. Nd4 g3 31. fxg3 Qxe5 32. Bxe4 fxe4 33. Ne2 Bg4 34. Nf4 Rg8 35. Qh7 Qg7 36. Qxg7 Rxg7 37. Kd2 b5 38. Ke1 b4 39. cxb4 Bf3 40. Rh8+ Kb7 41. Kf2 Bg4 42. Rh6 Bd7 43. Rg6 Rf7 44. Kg2 Kb6 45. Nxd5+ Kb5 46. Nc3+ Kxb4 47. Rd6 c5 48. Nxe4 Bc8 49. Nf6 c4 50. e4 Bb7 51. Re6 Kc5 52. g4 Bc8 53. Re5+ Kd4 54. Rd5+ Ke3 55. g5 Rb7 56. Rc5 Rxb2+ 57. Kg3 Be6 58. Rc6 Rb6 59. Nd5+ Bxd5 60. exd5 Ke4 61. Rxc4+ Kxd5 62. Rf4 Ke5 63. Rf2 a5 64. Kg4 Rb4+ 65. Kh5 Rb1 66. g6 Rh1+ 67. Kg5 Rg1+ 68. Kh6 Rh1+ 69. Kg7 a4 70. Kf7 Rb1 71. g7 1-0

[Event "ESP-chT Div I 2018"]
[Site "Linares"]
[Date "2018.08.12"]
[Round "7"]
[White "Barbot, Pierre"]
[Black "Moreno Ruiz, Javier"]
[Result "1-0"]
[ECO "D38"]
[WhiteElo "2420"]
[BlackElo "2450"]
[Annotator "ChessBase"]
[PlyCount "117"]
[EventDate "2018.08.06"]
[EventType "team-tourn"]
[EventCountry "ESP"]
[SourceTitle "playchess.com"]
[Source "ChessBase"]
[SourceQuality "1"]
[TimeControl "40/5400+30:1800+30"]

1. d4 Nf6 2. c4 e6 3. Nf3 d5 4. Nc3 Bb4 5. Bg5 Nbd7 6. cxd5 exd5 7. e3 c5 8. Bd3 Qa5 9. O-O c4 10. Bf5 O-O 11. Qc1 Re8 12. Bh4 Bxc3 13. Qxc3 Qxc3 14. bxc3 Ne4 15. Bxe4 Rxe4 16. Rfb1 b6 17. a4 a5 18. Bg3 Re6 19. Rb5 Bb7 20. Ne5 Nf6 21. Rab1 Ne4 22. Rxb6 Rxb6 23. Rxb6 Bc8 24. f3 Nxc3 25. Rd6 Be6 26. Be1 Nxa4 27. e4 c3 28. exd5 c2 29. Bd2 Bf5 30. g4 Bg6 31. Rc6 f6 32. Nxg6 hxg6 33. Rxc2 Nb6 34. d6 Kf7 35. Rc7+ Ke6 36. Rxg7 g5 37. Rb7 Nc4 38. Bc3 Nxd6 39. Rb6 Kd5 40. Kf2 a4 41. Bb4 Nc4 42. Rxf6 Kxd4 43. Rf5 a3 44. Bc5+ Kc3 45. Bxa3 Rxa3 46. Rxg5 Kd4 47. h4 Ne3 48. Rg8 Ra2+ 49. Kg3 Rg2+ 50. Kf4 Rh2 51. h5 Rh3 52. Rf8 Nd5+ 53. Kg5 Ke5 54. h6 Ne7 55. f4+ Ke6 56. f5+ Kd7 57. f6 Nd5 58. f7 Ke7 59. Rd8 1-0

[Event "ESP-chT Div I 2018"]
[Site "Linares"]
[Date "2018.08.12"]
[Round "7"]
[White "Martin Fuentes, Alberto"]
[Black "Franco Alonso, Alejandro"]
[Result "0-1"]
[ECO "B26"]
[WhiteElo "2391"]
[BlackElo "2410"]
[Annotator "NA"]
[PlyCount "100"]
[EventDate "2018.08.06"]
[EventType "team-tourn"]
[EventCountry "ESP"]
[SourceTitle "playchess.com"]
[Source "ChessBase"]
[SourceQuality "1"]
[TimeControl "40/5400+30:1800+30"]

1. e4 c5 2. Nc3 Nc6 3. g3 g6 4. Bg2 Bg7 5. d3 d6 6. Be3 Rb8 7. Qd2 b5 8. h3 b4 9. Nd1 Bd7 10. Ne2 Nd4 11. f4 e6 12. O-O Ne7 13. g4 f5 14. Ng3 O-O 15. gxf5 exf5 16. Kh2 Qa5 17. Bg1 Bh6 18. a3 fxe4 19. Nxe4 d5 20. Ng3 Qc7 21. Be3 b3 22. Rc1 Nxc2 23. Rxc2 bxc2 24. Qxc2 Bxf4 25. Rxf4 Rxf4 26. Qxc5 Qxc5 27. Bxc5 Rf7 28. b4 a6 29. Ne3 Bc6 30. Ng4 Nf5 31. Ne5 Ba8 32. Nxf7 Kxf7 33. Ne2 d4 34. Nxd4 Nxd4 35. Bxd4 Bxg2 36. Kxg2 Rd8 37. Bf2 Rxd3 38. a4 Ra3 39. a5 Ke6 40. Bc5 Kf5 41. Bd6 Rb3 42. Bc5 Ke4 43. Be7 Kd5 44. Bc5 Kc4 45. h4 Rxb4 46. Bxb4 Kxb4 47. Kf3 Kxa5 48. Kf4 h6 49. Ke5 Kb4 50. Kf6 g5 0-1

[Event "ESP-chT Div I 2018"]
[Site "Linares"]
[Date "2018.08.12"]
[Round "7"]
[White "Granero Roca, Antonio"]
[Black "Badillo Ramos, Steve"]
[Result "1-0"]
[ECO "E15"]
[WhiteElo "2383"]
[BlackElo "1901"]
[Annotator "NA"]
[PlyCount "43"]
[EventDate "2018.08.06"]
[EventType "team-tourn"]
[EventCountry "ESP"]
[SourceTitle "playchess.com"]
[Source "ChessBase"]
[SourceQuality "1"]
[TimeControl "40/5400+30:1800+30"]

1. Nf3 Nf6 2. c4 e6 3. d4 b6 4. g3 Bb4+ 5. Bd2 Bxd2+ 6. Qxd2 Bb7 7. Bg2 O-O 8. O-O d5 9. cxd5 exd5 10. Nc3 Re8 11. Qc2 Nc6 12. a3 a5 13. Rac1 Qe7 14. e3 Rad8 15. Rfe1 Qd7 16. Ne2 Re7 17. Nf4 Ne8 18. Ng5 g6 19. Nxd5 Nxd4 20. Nxe7+ Qxe7 21. exd4 Qxg5 22. Bxb7 1-0

[Event "ESP-chT Div I 2018"]
[Site "Linares"]
[Date "2018.08.12"]
[Round "7"]
[White "Martin Duque, Jesus"]
[Black "Ortega Hermida, Daniel"]
[Result "1-0"]
[ECO "C50"]
[WhiteElo "2378"]
[BlackElo "2334"]
[Annotator "NA"]
[PlyCount "153"]
[EventDate "2018.08.06"]
[EventType "team-tourn"]
[EventCountry "ESP"]
[SourceTitle "playchess.com"]
[Source "ChessBase"]
[SourceQuality "1"]
[TimeControl "40/5400+30:1800+30"]

1. e4 e5 2. Nf3 Nc6 3. Bc4 Nf6 4. d3 Bc5 5. O-O d6 6. c3 a5 7. a4 h6 8. Re1 O-O 9. Nbd2 Be6 10. Bb5 Ne7 11. d4 exd4 12. cxd4 Bb4 13. Re3 Ng6 14. h3 c6 15. Bf1 Re8 16. b3 d5 17. e5 Nd7 18. Bb2 f5 19. exf6 Qxf6 20. Qe1 Qf7 21. Ba3 Bxa3 22. Rxa3 Bf5 23. Ra1 Re7 24. Rxe7 Qxe7 25. Qxe7 Nxe7 26. g4 Be6 27. Re1 Kf7 28. Bd3 Re8 29. Nf1 Ng6 30. Ne3 Nf4 31. Bf1 Kf6 32. Kh2 Rc8 33. Rc1 g5 34. Ne1 Nf8 35. Nd3 Nxd3 36. Bxd3 Ng6 37. Ng2 b6 38. Re1 Re8 39. Bf5 Re7 40. Rc1 Rc7 41. Ne3 Nf4 42. Bxe6 Kxe6 43. Nf5 c5 44. Rc3 h5 45. Re3+ Kf6 46. Nd6 Re7 47. gxh5 Rxe3 48. fxe3 Nxh5 49. dxc5 bxc5 50. Nb7 c4 51. Nxa5 c3 52. b4 Ke5 53. Nb3 c2 54. a5 Kd6 55. b5 Nf6 56. b6 Ne4 57. Kg2 Nd2 58. Nc1 Kc6 59. Kg3 Ne4+ 60. Kf3 Kb7 61. Ke2 Nd6 62. Kd3 Nc4 63. Nb3 c1=Q 64. Nxc1 Nxa5 65. Kd4 Kxb6 66. Kxd5 Kc7 67. Nd3 Nc6 68. Ke6 Kd8 69. Kf6 Ne7 70. Kxg5 Kd7 71. Nf4 Kd6 72. Kf6 Ng8+ 73. Kf7 Ne7 74. e4 Nc6 75. Ng6 Nd4 76. h4 Nf3 77. Kf6 {[%emt 0:00:08] Kd5} 1-0

[Event "ESP-chT Div I 2018"]
[Site "Linares"]
[Date "2018.08.12"]
[Round "7"]
[White "Bergez, Luc"]
[Black "Rubio Mejia, Luis Ignacio"]
[Result "1/2-1/2"]
[ECO "B52"]
[WhiteElo "2327"]
[BlackElo "2442"]
[Annotator "NA"]
[PlyCount "98"]
[EventDate "2018.08.06"]
[EventType "team-tourn"]
[EventCountry "ESP"]
[SourceTitle "playchess.com"]
[Source "ChessBase"]
[SourceQuality "1"]
[TimeControl "40/5400+30:1800+30"]

1. e4 c5 2. Nf3 d6 3. Bb5+ Bd7 4. Bxd7+ Qxd7 5. O-O Nf6 6. Re1 Nc6 7. c3 e6 8. d4 cxd4 9. cxd4 d5 10. e5 Ng8 11. Nbd2 Bb4 12. Re3 Nge7 13. Nf1 Nf5 14. Rd3 O-O-O 15. a3 Be7 16. b4 Kb8 17. N1d2 h5 18. Nb3 Rc8 19. b5 Nd8 20. a4 f6 21. Bf4 Ka8 22. Rc1 Nf7 23. Rdc3 Rxc3 24. Rxc3 Rc8 25. Qc2 Rxc3 26. Qxc3 g5 27. exf6 Bxf6 28. Be5 Bd8 29. h3 g4 30. hxg4 hxg4 31. Nh2 Nxe5 32. dxe5 g3 33. fxg3 Bb6+ 34. Kf1 Kb8 35. g4 Ne3+ 36. Ke2 Nxg2 37. Qf3 Nh4 38. Qf8+ Qc8 39. Qxc8+ Kxc8 40. a5 Bc7 41. Nf3 Nxf3 42. Kxf3 Bxe5 43. Nc5 Bc3 44. Nxe6 Bxa5 45. Nf4 Kd7 46. Nxd5 Kd6 47. Ke4 Bd8 48. Kd4 a6 49. bxa6 bxa6 1/2-1/2

[Event "ESP-chT Div I 2018"]
[Site "Linares"]
[Date "2018.08.12"]
[Round "7"]
[White "Gutierrez Olivares, Daniel"]
[Black "Ortega Ruiz, Jose Miguel"]
[Result "1/2-1/2"]
[ECO "A20"]
[WhiteElo "2297"]
[BlackElo "2280"]
[Annotator "NA"]
[PlyCount "45"]
[EventDate "2018.08.06"]
[EventType "team-tourn"]
[EventCountry "ESP"]
[SourceTitle "playchess.com"]
[Source "ChessBase"]
[SourceQuality "1"]
[TimeControl "40/5400+30:1800+30"]

1. c4 e5 2. d3 Nf6 3. Nf3 Nc6 4. a3 d5 5. cxd5 Nxd5 6. e4 Nb6 7. Be3 Be7 8. Be2 O-O 9. O-O Be6 10. Nbd2 a5 11. Rc1 a4 12. Rxc6 bxc6 13. Nxe5 Bf6 14. Ndf3 Qc8 15. Qd2 Qb7 16. Rc1 Nd7 17. Nxd7 Bxd7 18. Bc5 Qxb2 19. Rc2 Qa1+ 20. Rc1 Qb2 21. Rc2 Qa1+ 22. Rc1 Qb2 23. Rc2 1/2-1/2

[Event "ESP-chT Div I 2018"]
[Site "Linares"]
[Date "2018.08.12"]
[Round "7"]
[White "Aranaz Murillo, Amalia"]
[Black "Vega Gutierrez, Belinda"]
[Result "1-0"]
[ECO "A05"]
[WhiteElo "2227"]
[BlackElo "2165"]
[Annotator "NA"]
[PlyCount "107"]
[EventDate "2018.08.06"]
[EventType "team-tourn"]
[EventCountry "ESP"]
[SourceTitle "playchess.com"]
[Source "ChessBase"]
[SourceQuality "1"]
[TimeControl "40/5400+30:1800+30"]

1. Nf3 Nf6 2. c4 e6 3. g3 d5 4. Bg2 c6 5. O-O Bd6 6. d4 O-O 7. Qc2 Qe7 8. Nbd2 Nbd7 9. b3 e5 10. dxe5 Nxe5 11. Bb2 Re8 12. cxd5 cxd5 13. Nxe5 Bxe5 14. e3 Bd7 15. Bxe5 Qxe5 16. Nf3 Qe4 17. Qc7 b6 18. Nd4 Qe7 19. a4 Be6 20. Qxe7 Rxe7 21. Rfc1 h6 22. Rc6 Rc8 23. Rac1 Rxc6 24. Rxc6 Kf8 25. Bf1 Ne8 26. b4 Bd7 27. Rc1 Bxa4 28. Ra1 b5 29. Bxb5 Bxb5 30. Nxb5 Rb7 31. Nxa7 Rxb4 32. Nc6 Rb6 33. Nd4 g6 34. Ne2 Rb2 35. Kf1 Nf6 36. f3 Ke7 37. Ra7+ Nd7 38. h4 h5 39. Nf4 Kd6 40. Nxd5 Ne5 41. Nf4 Nxf3 42. Rxf7 Nh2+ 43. Ke1 Ng4 44. Nxg6 Nxe3 45. Nf4 Ng4 46. Nxh5 Ke6 47. Rf8 Rb5 48. Nf4+ Ke7 49. Rg8 Nf6 50. Rg7+ Ke8 51. Ke2 Rb3 52. h5 Ne4 53. h6 Nxg3+ 54. Rxg3 1-0

[Event "ESP-chT Div I 2018"]
[Site "Linares"]
[Date "2018.08.12"]
[Round "7"]
[White "Garcia-Castany Musellas, Gal la"]
[Black "Perez De Aranda A, Leonardo I"]
[Result "1/2-1/2"]
[ECO "B53"]
[WhiteElo "2203"]
[BlackElo "2107"]
[Annotator "NA"]
[PlyCount "171"]
[EventDate "2018.08.06"]
[EventType "team-tourn"]
[EventCountry "ESP"]
[SourceTitle "playchess.com"]
[Source "ChessBase"]
[SourceQuality "1"]
[TimeControl "40/5400+30:1800+30"]

1. e4 c5 2. Nf3 d6 3. d4 cxd4 4. Qxd4 a6 5. c4 Nc6 6. Qe3 Nf6 7. h3 e6 8. Be2 Be7 9. O-O O-O 10. Nc3 b6 11. Rd1 Qc7 12. b3 Bb7 13. Ba3 d5 14. Bxe7 Nxe7 15. cxd5 exd5 16. Rac1 Qc5 17. Nd4 dxe4 18. Nxe4 Qe5 19. Nxf6+ Qxf6 20. Bf3 Bxf3 21. Qxf3 Qxf3 22. Nxf3 Rac8 23. Rxc8 Rxc8 24. Rd6 Nc6 25. Ng5 h6 26. Ne4 Rc7 27. Ng3 Kf8 28. Nf5 h5 29. Ne3 Ke7 30. Rd2 Rb7 31. Nf5+ Kf8 32. Rc2 Ne7 33. Ne3 g6 34. Kf1 Rd7 35. Ke2 Nd5 36. Rc6 Rc7 37. Rd6 Nxe3 38. Kxe3 Rc2 39. Rxb6 Rxa2 40. Rb7 Kg7 41. g4 h4 42. g5 a5 43. Kf3 a4 44. bxa4 Rxa4 45. Re7 Kf8 46. Re4 Ra5 47. Kg4 f5+ 48. gxf6 Kf7 49. Rb4 Kxf6 50. Rb6+ Kg7 51. Kxh4 Ra4+ 52. Kg5 Ra5+ 53. Kg4 Ra4+ 54. f4 Ra1 55. Kf3 Ra3+ 56. Kg4 Ra1 57. Rb3 Kf6 58. Kf3 Ra6 59. Rd3 Rb6 60. Ke4 Re6+ 61. Kf3 Rb6 62. Rc3 Ra6 63. Ke4 Re6+ 64. Kf3 Rb6 65. h4 Ra6 66. Rc5 Ra3+ 67. Kg4 Ra6 68. h5 gxh5+ 69. Rxh5 Kg7 70. Rf5 Kg6 71. Rb5 Kf6 72. Rb4 Kg6 73. Rb1 Kf6 74. Rh1 Kg7 75. Kg5 Ra5+ 76. f5 Ra6 77. Rb1 Kf7 78. Rb7+ Kf8 79. Rd7 Rb6 80. Rh7 Kg8 81. Re7 Kf8 82. f6 Rb1 83. Re5 Rg1+ 84. Kf5 Ra1 85. Rb5 Rf1+ 86. Ke4 1/2-1/2

[Event "ESP-chT Div I 2018"]
[Site "Linares"]
[Date "2018.08.12"]
[Round "7"]
[White "Gonzalez Laso, Adrian"]
[Black "Shvayger, Yuliya"]
[Result "1-0"]
[ECO "B25"]
[WhiteElo "2168"]
[BlackElo "2390"]
[Annotator "NA"]
[PlyCount "35"]
[EventDate "2018.08.06"]
[EventType "team-tourn"]
[EventCountry "ESP"]
[SourceTitle "playchess.com"]
[Source "ChessBase"]
[SourceQuality "1"]
[TimeControl "40/5400+30:1800+30"]

1. e4 c5 2. Nc3 Nc6 3. g3 g6 4. Bg2 Bg7 5. d3 d6 6. f4 e6 7. Nf3 Nge7 8. O-O O-O 9. Be3 Nd4 10. Qd2 Rb8 11. Nh4 b5 12. Nd1 f5 13. c3 Ndc6 14. exf5 gxf5 15. Re1 b4 16. Nf3 bxc3 17. bxc3 Qa5 18. Rc1 1-0

[Event "ESP-chT Div I 2018"]
[Site "Linares"]
[Date "2018.08.12"]
[Round "7"]
[White "Rodrigo Yanguas, Maria"]
[Black "Martin Capitan, Feliciano"]
[Result "0-1"]
[ECO "C44"]
[WhiteElo "2062"]
[BlackElo "2066"]
[Annotator "NA"]
[PlyCount "62"]
[EventDate "2018.08.06"]
[EventType "team-tourn"]
[EventCountry "ESP"]
[SourceTitle "playchess.com"]
[Source "ChessBase"]
[SourceQuality "1"]
[TimeControl "40/5400+30:1800+30"]

1. e4 e5 2. Nf3 Nc6 3. c3 d5 4. Qa4 Bd7 5. exd5 Nd4 6. Qd1 Nxf3+ 7. Qxf3 Nf6 8. h3 e4 9. Qe3 Bd6 10. d4 O-O 11. Bc4 Qe7 12. O-O Rae8 13. a4 h6 14. Qe2 Nh7 15. Na3 f5 16. Nb5 f4 17. Nxd6 cxd6 18. Bb5 Ng5 19. Bxd7 Qxd7 20. Qh5 Rf5 21. Qg4 Qf7 22. h4 h5 23. Qd1 Nh7 24. c4 g5 25. g3 e3 26. fxe3 fxg3 27. Rxf5 Qxf5 28. Qf1 Qg4 29. e4 Rf8 30. Qe1 Qxh4 31. Qe2 Rf1+ 0-1

[Event "ESP-chT Div I 2018"]
[Site "Linares"]
[Date "2018.08.12"]
[Round "7"]
[White "Garcia Molina, Jose"]
[Black "Bermudez Revuelta, Paula"]
[Result "1-0"]
[ECO "D43"]
[WhiteElo "1969"]
[BlackElo "1887"]
[Annotator "NA"]
[PlyCount "97"]
[EventDate "2018.08.06"]
[EventType "team-tourn"]
[EventCountry "ESP"]
[SourceTitle "playchess.com"]
[Source "ChessBase"]
[SourceQuality "1"]
[TimeControl "40/5400+30:1800+30"]

1. d4 d5 2. c4 c6 3. Nc3 Nf6 4. Nf3 e6 5. Bf4 dxc4 6. a4 Bb4 7. Qc2 Nd5 8. Bd2 Qa5 9. e4 Nxc3 10. bxc3 Be7 11. Bxc4 O-O 12. e5 h6 13. Qe4 Nd7 14. Qg4 Kh8 15. O-O Nb6 16. Bd3 Qd5 17. Be4 Qd8 18. Qh5 f5 19. exf6 Rxf6 20. Ne5 Kg8 21. Rae1 Bd7 22. Re3 Be8 23. Qh3 Bd6 24. Rg3 Kf8 25. f4 Nd7 26. Nc4 Bc7 27. Bc1 Nb6 28. Qg4 Qd7 29. Ba3+ Kg8 30. Ne5 Bxe5 31. dxe5 Rf7 32. Qg6 Rf5 33. Qxh6 Rh5 34. Qf6 Qf7 35. Qxf7+ Bxf7 36. Rb1 Nc4 37. Bc1 Rd8 38. Bf3 Rh4 39. Rxb7 a5 40. h3 Kf8 41. Kf2 Nd2 42. Bxd2 Rxd2+ 43. Ke3 Rc2 44. Rb8+ Be8 45. Kd3 Rf2 46. Bxc6 Rfxf4 47. Rxe8+ Kf7 48. Ra8 Rc4 49. Be8+ 1-0

[Event "ESP-chT Div I 2018"]
[Site "Linares"]
[Date "2018.08.12"]
[Round "7"]
[White "Gonzalez Guedes, Iyan"]
[Black "Cano Sanchez, Josue"]
[Result "0-1"]
[ECO "C41"]
[WhiteElo "1925"]
[BlackElo "2312"]
[Annotator "NA"]
[PlyCount "54"]
[EventDate "2018.08.06"]
[EventType "team-tourn"]
[EventCountry "ESP"]
[SourceTitle "playchess.com"]
[Source "ChessBase"]
[SourceQuality "1"]
[TimeControl "40/5400+30:1800+30"]

1. e4 d6 2. d4 Nf6 3. Nc3 e5 4. Nf3 Nbd7 5. Bc4 Be7 6. O-O O-O 7. a4 a5 8. Qe2 c6 9. Ba2 exd4 10. Nxd4 Nc5 11. Rd1 Qb6 12. e5 dxe5 13. Qxe5 Re8 14. Bg5 Bg4 15. Re1 Ncd7 16. Qf4 Qxb2 17. Nce2 Bxe2 18. Nxe2 Bb4 19. Reb1 Qxc2 20. Bxf6 Nxf6 21. Nd4 Qe4 22. Qxe4 Rxe4 23. Nf5 Re5 24. Ne3 Bc3 25. Nc4 Re7 26. Rc1 Bxa1 27. Rxa1 Nd5 0-1